 Dungeon Crawl Stone Soup version 0.29.1-15-g9cfb28693d (webtiles) character file.

Game seed: 1652644520310056044

440 safid the Chiller (level 7, -2/53 HPs)
             Began as a Merfolk Ice Elementalist on Apr 21, 2023.
             Succumbed to a kobold brigand's poison
             ... on level 3 of the Dungeon.
             The game lasted 00:07:17 (3184 turns).

safid the Chiller (Merfolk Ice Elementalist)        Turns: 3184, Time: 00:07:18

Health: -2/53      AC:  3    Str:  9    XL:     7   Next: 2%
Magic:  6/12       EV: 12    Int: 16    God:
Gold:   69         SH:  6    Dex: 14    Spells: 6/13 levels left

rFire   + . .      SeeInvis .   q - +1 short sword (venom)
rCold   + . .      Faith    .   j - +2 buckler
rNeg    . . .      Spirit   +   a - +0 robe
rPois   +          Reflect  .   (no helmet)
rElec   +          Harm     .   (no cloak)
rCorr   +          Rampage  .   e - +0 pair of gloves
Will    .....                   (no boots)
Stlth   ++........              f - amulet of guardian spirit
HPRegen 0.17/turn               (no ring)
MPRegen 0.13/turn               (no ring)

@: lethally poisoned (-2 -> -10), resistant, on berserk cooldown, slowed, very
slow
A: (nimble swimmer 2), mertail
a: no special abilities


You were on level 3 of the Dungeon.
You visited 1 branch of the dungeon, and saw 3 of its levels.

You collected 69 gold pieces.

Inventory:

Hand Weapons
 d - a +0 dagger
 q - a +1 short sword of venom (weapon)
Armour
 a - a +0 robe (worn)
 e - a +0 pair of gloves (worn)
 j - a +2 buckler (worn)
Jewellery
 f - an amulet of guardian spirit (around neck)
Scrolls
 h - a scroll of poison {unknown}
 i - a scroll of enchant weapon {unknown}
 l - a scroll of immolation {unknown}
 m - 2 scrolls of identify {unknown}
 n - 2 scrolls of teleportation {unknown}
 o - a scroll of amnesia {unknown}
 p - a scroll of noise {unknown}
Potions
 b - a potion of magic
 c - a potion of might
 r - a potion of resistance


   Skills:
 + Level 3.7 Fighting
 - Level 2.6 Dodging
 - Level 2.1 Stealth
 + Level 2.7 Shields
 + Level 3.8 Spellcasting
 + Level 5.9 Ice Magic


You had 6 spell levels left.
You knew the following spells:

 Your Spells              Type           Power      Damage    Failure   Level
a - Freeze                Ice            88%        1d10      1%          1
b - Frozen Ramparts       Ice            44%        1d7       6%          3
c - Ozocubu's Armour      Ice            22%        N/A       6%          3

Your spell library contained the following spells:

 Spells                   Type           Power      Damage    Failure   Level
 Foxfire                  Conj/Fire      12%        2x1d4     22%         1
 Sandblast                Erth           6%         2d5       22%         1
 Passwall                 Tmut/Erth      2%         N/A       34%         2
 Hailstorm                Conj/Ice       12%        3d5       54%         4
 Confusing Touch          Hex            3%         N/A       56%         3
 Conjure Flame            Conj/Fire      3%         6-21      56%         3
 Inner Flame              Hex/Fire       3%         N/A       56%         3
 Stone Arrow              Conj/Erth      6%         3d7       56%         3
 Flame Wave               Conj/Fire      3%         2d5       92%         4
 Yara's Violent Unravell  Hex/Tmut       1%         3d3       99%         5
 Enfeeble                 Hex            1%         N/A       100%        7


Dungeon Overview and Level Annotations

Branches:
Dungeon (3/15)

Altars:
Elyvilon
Xom

Annotations:
D:2 Sigmund


Innate Abilities, Weirdness & Mutations

((You are very nimble when in or above water. (Stealth+, EV+, Speed+++)))
Your lower body shifts to a powerful aquatic tail in water.


Message History

You are lethally poisoned!
The wall freezes Yogidamonk's ghost but does no damage.
Yogidamonk's ghost hits you.
* * * LOW HITPOINT WARNING * * *
Unknown command.
Unknown command.
Unknown command.
It was a potion of resistance.
You feel protected.
* * * LOW HITPOINT WARNING * * *
You feel very sick.
The wall freezes the kobold brigand!
You kill the kobold brigand!
The wall freezes Yogidamonk's ghost.
Yogidamonk's ghost hits you.
* * * LOW HITPOINT WARNING * * *
It was a potion of berserk rage.
A red film seems to cover your vision as you go berserk!
You feel yourself moving faster!
You feel mighty!
* * * LOW HITPOINT WARNING * * *
You feel very sick.
The wall freezes Yogidamonk's ghost.
You destroy Yogidamonk's ghost!
You have reached level 7!
Unknown command.
The frozen ramparts melt away as you move.
You feel a strong urge to attack something.
* * * LOW HITPOINT WARNING * * *
You feel sick.
There is an open translucent gate here.
Items here: ! ( ) †.
* * * LOW HITPOINT WARNING * * *
You feel sick.
Items here: ( ))).
Okay, then.
You feel your anger nearly subside.
You are no longer berserk.
You are exhausted.
You feel yourself slow down.
* * * LOW HITPOINT WARNING * * *
You feel sick.
You die...

# #....# ####'......##.# #
#....####..........##.#
##########....'..'..........##.#
................##......######.#
###############.##......# #.#
#####.##......# #.#
#....)).......# #.##
#.##'')##.##### #... ###...@.###
#### #.#...#.# #⌠.#.#.⌠#
#.#...#.# ##.....## ##...##
#####


There were no monsters in sight!

Vanquished Creatures
  Grinder (D:3)
  A kobold brigand (D:3)
  The ghost of Yogidamonk the Digger, a weakling GrEE (D:3)
  Jessica (D:3)
  Terence (D:3)
  A gnoll (D:3)
  A worm (D:3)
  3 ball pythons
  6 endoplasms
  3 giant cockroaches (D:1)
  4 goblins
  4 hobgoblins
  10 jackals
  A quokka (D:1)
  4 bats
  8 frilled lizards
  10 kobolds
  4 rats
64 creatures vanquished.

Vanquished Creatures (others)
  5 plants (D:2)
5 creatures vanquished.

Grand Total: 69 creatures vanquished

Notes
Turn   | Place    | Note
-------+----------+-------------------------------------------
     0 | D:1      | safid the Merfolk Ice Elementalist began the quest for the
                  | Orb.
     0 | D:1      | Reached XP level 1. HP: 13/13 MP: 3/3
   324 | D:1      | Reached XP level 2. HP: 20/20 MP: 5/5
   393 | D:1      | Reached skill level 1 in Fighting
   481 | D:1      | Found a faded altar of an unknown god.
  1178 | D:2      | Reached XP level 3. HP: 26/26 MP: 2/6
  1682 | D:2      | Noticed Sigmund
  1836 | D:2      | Learned a level 3 spell: Frozen Ramparts
  1840 | D:2      | Learned a level 3 spell: Ozocubu's Armour
  2308 | D:3      | Found a runed translucent gate.
  2321 | D:3      | Noticed a kobold brigand
  2323 | D:3      | Noticed Yogidamonk's ghost (weakling GrEE)
  2377 | D:3      | Found a runed translucent gate.
  2377 | D:3      | Found a runed translucent gate.
  2438 | D:3      | Noticed Jessica
  2454 | D:3      | Noticed Terence
  2469 | D:3      | Killed Terence
  2470 | D:3      | Reached skill level 5 in Ice Magic
  2470 | D:3      | Reached XP level 4. HP: 33/33 MP: 3/8
  2550 | D:3      | Killed Jessica
  2551 | D:3      | Reached skill level 1 in Shields
  2730 | D:3      | Found a shimmering altar of Xom.
  2870 | D:3      | Noticed Grinder
  2871 | D:3      | Paralysed by Grinder for 3 turns
  2902 | D:3      | Paralysed by Grinder for 3 turns
  2908 | D:3      | Killed Grinder
  2909 | D:3      | Reached XP level 5. HP: 27/41 MP: 3/10
  2909 | D:3      | Reached XP level 6. HP: 32/47 MP: 3/11
  3026 | D:3      | Found a white marble altar of Elyvilon.
  3180 | D:3      | Killed Yogidamonk's ghost
  3181 | D:3      | Reached XP level 7. HP: 7/53 MP: 5/12
  3183 | D:3      | HP: 1/53 [poisoned by a kobold brigand]
  3184 | D:3      | Succumbed to a kobold brigand's poison

Illustrated notes

Levels and vault maps discovered:
D:1:      scummos_arrival_checkerplants, layout_basic,
          dreamdust_ecumenical_altar_statues
D:2:      layout_basic, serial_forest, infiniplex_forest_clump_long,
          infiniplex_forest_lined_1, infiniplex_forest_end_3,
          infiniplex_forest_end_3, uniq_sigmund
D:3:      layout_basic, xom_butterflies, mainiacjoe_overflow_alcove_1,
          gammafunk_ghost_nasty_kobolds, minmay_misc_feat_rugged,
          minmay_box_of_dots, uniq_grinder, uniq_terence, uniq_jessica

Skill      XL: |  1  2  3  4 |
---------------+-------------+-----
Fighting       | 1 2 3 |  3.7
Ice Magic      | 5 |  5.9
Shields        | 2 |  2.7
Spellcasting   | 3 |  3.8
Dodging        | |  2.6
Stealth        | |  2.1

Action                   |  1- 3 |  4- 6 |  7- 9 || total
-------------------------+-------+-------+-------++-------
Melee: Dagger            |    58 |       |       ||    58
       Unarmed           |     5 |       |       ||     5
       Short sword       |       |    35 |       ||    35
 Cast: Freeze            |    49 |     1 |       ||    50
       Frozen Ramparts   |     2 |     4 |       ||     6
       Ozocubu's Armour  |       |     1 |       ||     1
  Use: Potion            |     2 |     5 |       ||     7
 Stab: Sleeping          |     2 |       |       ||     2
       Distracted        |     1 |       |       ||     1
Armor: Robe              |    37 |     7 |       ||    44
       Skin              |     2 |       |       ||     2
Dodge: Dodged            |    68 |    11 |       ||    79
Block: Buckler           |    17 |    10 |       ||    27
